 Dungeon Crawl Stone Soup version 0.31-a0-460-g9e667d4245 (webtiles) character file.

Game seed: 2009814361613855441

364 MisterAzrael the Grave Robber (level 6, -2/32 HPs)
             Began as a Deep Elf Necromancer on Aug 4, 2023.
             Succumbed to a kobold brigand's curare-tipped dart
             ... on level 4 of the Dungeon.
             The game lasted 00:07:46 (3765 turns).

MisterAzrael the Grave Robber (DENe)                Turns: 3765, Time: 00:07:46

Health: -2/32      AC:  4    Str:  5    XL:     6   Next: 39%
Magic:  15/15      EV: 18    Int: 28    God:
Gold:   74         SH:  0    Dex: 15    Spells: 6/14 levels left

rFire   . . .        j - +8 flail of Anxiety {chaos, rC+ Int+6}
rCold   + . .        (no shield)
rNeg    . . .        a - +0 robe
rPois   .            (no helmet)
rElec   .            (no cloak)
rCorr   .            p - +1 pair of gloves
SInv    .            (no boots)
Will    .....        (no amulet)
Stlth   ++           g - +5 ring of evasion
HPRegen 0.25/turn    (no ring)
MPRegen 0.14/turn

%: no passive effects
@: lethally poisoned (-2 -> -16), attractive, slowed, very slow
A: no striking features
a: no special abilities


You were on level 4 of the Dungeon.
You visited 1 branch of the dungeon, and saw 4 of its levels.

You collected 74 gold pieces.

Inventory:

Hand Weapons
 f - a +1 dagger of venom
 j - the +8 flail of Anxiety (weapon) {chaos, rC+ Int+6}
   (You found it on level 2 of the Dungeon)

   Int:       It affects your intelligence (+6).
   rC:        It protects you from cold.
Armour
 a - a +0 robe (worn)
 p - a +1 pair of gloves (worn)
Jewellery
 g - a +5 ring of evasion (left hand)
Wands
 l - a wand of flame (14)
Scrolls
 b - 3 scrolls of silence {unknown}
 c - 2 scrolls of enchant weapon {unknown}
 d - 2 scrolls of teleportation {unknown}
 h - a scroll of vulnerability {unknown}
 i - 6 scrolls of identify {unknown}
 m - a scroll of poison {unknown}
 n - a scroll of immolation {unknown}
Potions
 e - a potion of brilliance {unknown}
 k - a potion of berserk rage {unknown}
 o - a potion of attraction


   Skills:
 - Level 0.3 Short Blades
 + Level 1.3 Maces & Flails
 + Level 3.5 Dodging
 + Level 3.6 Stealth
 + Level 4.9 Spellcasting
 * Level 7.2 Necromancy


You had 6 spell levels left.
You knew the following spells:

 Your Spells              Type           Power      Damage    Failure   Level
a - Necrotise             Necr           100%       1d9       1%          1
b - Vampiric Draining     Necr           47%        2d9       1%          3
c - Animate Dead          Necr           47%        N/A       3%          4

Your spell library contained the following spells:

 Spells                   Type           Power      Damage    Failure   Level
 Apportation              Tloc           12%        N/A       7%          1
 Summon Small Mammal      Summ           24%        N/A       7%          1
 Agony                    Necr           47%        N/A       10%         5
 Ensorcelled Hibernation  Hex/Ice        12%        N/A       11%         2
 Anguish                  Hex/Necr       13%        N/A       16%         4
 Call Canine Familiar     Summ           6%         N/A       21%         3
 Ozocubu's Armour         Ice            6%         N/A       21%         3
 Summon Guardian Golem    Hex/Summ       6%         N/A       21%         3
 Borgnjor's Vile Clutch   Necr/Erth      13%        N/A       38%         5
 Death Channel            Necr           23%        N/A       47%         6
 Ozocubu's Refrigeration  Ice            3%         4d8       100%        7


Dungeon Overview and Level Annotations

Branches:
Dungeon (4/15)
 Temple: D:4-7

Altars:

Shops:
D:2 :   D:4 *


Message History

You swap places.
There is an open door here.
You swap places.
You swap places.
You swap places.
There is an open door here.
Found a whip.
A kobold brigand comes into view.
It is wielding a +0 short sword and quivering curare-tipped darts.
Found a dagger.
A kobold brigand is nearby!
What are your orders? t - Shout!
Orders for allies: a - Attack new target. r - Retreat! s - Stop attacking. g - Guard the area. f - Follow me.
Anything else - Cancel.
Gang up on whom?
Press: ? - help, Dir - move target, f - kobold brigand
Aim: a kobold brigand, wielding a +0 short sword and quivering curare-tipped darts (asleep) Attack!
The kobold brigand throws a curare-tipped dart.
The curare-tipped dart hits you.
You are poisoned.
You have difficulty breathing.
You feel yourself slow down.
You feel very sick.
You feel very sick.
You feel sick.
The kobold brigand throws a curare-tipped dart.
The curare-tipped dart hits you.
You are more poisoned.
You have difficulty breathing.
* * * LOW HITPOINT WARNING * * *
You feel as though you will be slow longer.
The kobold brigand throws a curare-tipped dart.
The curare-tipped dart misses you.
* * * LOW HITPOINT WARNING * * *
You feel very sick.
It was a potion of attraction.
You feel attractive to monsters.
You die...

#.. ###....###.....#.# #.#
#... #......##........#
#.# #.. #....).##..#.###.#
#.###+###.....#.# #.# ##
#.....###..##.#.# #.# .#
#.....##...##.#.# #.# .#
#.....##..###.#.# #.##
.####.....#...###.#+#.....
............#.ZZ@........#
##.###.###########.......#
......>..................#
###.##############..K..).#
#.....# +........ #####.#
#.......# #.......#
#.......# #)......#


You could see a kobold brigand, a friendly orc zombie and a friendly orc wizard
zombie.

Vanquished Creatures
  A phantom (D:4)
  A hound (D:3)
  An orc priest (D:3)
  An iguana (D:4)
  2 orc wizards
  5 adders
  An ufetubus (D:3)
  A worm (D:3)
  A dart slug (D:1)
  11 orcs
  6 endoplasms
  2 giant cockroaches
  7 goblins
  8 hobgoblins
  4 jackals (D:1)
  6 quokkas
  6 ball pythons
  4 bats
  3 frilled lizards
  7 kobolds
  6 rats
84 creatures vanquished.

Vanquished Creatures (collateral kills)
  2 ball pythons
2 creatures vanquished.

Vanquished Creatures (others)
  An orc zombie (D:4)
1 creature vanquished.

Grand Total: 87 creatures vanquished

Notes
Turn   | Place    | Note
-------+----------+-------------------------------------------
     0 | D:1      | MisterAzrael the Deep Elf Necromancer began the quest for
                  | the Orb.
     0 | D:1      | Reached XP level 1. HP: 10/10 MP: 6/6
    44 | D:1      | Reached skill level 5 in Necromancy
    60 | D:1      | Reached XP level 2. HP: 8/15 MP: 6/8
   311 | D:1      | Found a faded altar of an unknown god.
   712 | D:1      | Reached XP level 3. HP: 19/19 MP: 8/10
   794 | D:1      | Learned a level 3 spell: Vampiric Draining
  1098 | D:2      | Reached skill level 6 in Necromancy
  1220 | D:2      | Identified the +8 flail of Anxiety {chaos, rC+ Int+6}
  1232 | D:2      | Reached XP level 4. HP: 24/24 MP: 9/12
  1269 | D:2      | Found Ziobadeu's Book Boutique.
  1947 | D:3      | Reached XP level 5. HP: 23/28 MP: 13/13
  1982 | D:3      | Learned a level 4 spell: Animate Dead
  2899 | D:4      | Reached skill level 1 in Maces & Flails
  2974 | D:4      | Found Eyawu's Eclectic Emporium.
  3379 | D:4      | Reached skill level 7 in Necromancy
  3379 | D:4      | Reached XP level 6. HP: 27/32 MP: 5/15
  3765 | D:4      | Succumbed to a kobold brigand's curare-tipped dart

Illustrated notes

Levels and vault maps discovered:
D:1:      minmay_arrival_five_plusses, layout_rooms,
          shapermc_ecumenical_altar_flowoftime, chequers_mini_garden,
          minmay_tromino_mix6
D:2:      layout_loops_ring, serial_shops, nicolae_book_shop_shelving
D:3:      layout_loops_ring
D:4:      layout_basic, nicolae_alphabet_shops, uniq_crazy_yiuf_cottage

Skill      XL: |  1  2  3  4  5 |
---------------+----------------+-----
Necromancy     | 5 6 7 |  7.2
Spellcasting   | 4 |  4.9
Stealth        | 3 |  3.6
Dodging        | 3 |  3.5
Maces & Flails | 1 |  1.3
Short Blades   | |  0.3

Action                     |  1- 3 |  4- 6 || total
---------------------------+-------+-------++-------
  Melee: Unarmed           |    23 |       ||    23
         Dagger            |     5 |       ||     5
         Flail             |     1 |    67 ||    68
   Cast: Necrotise         |    60 |    30 ||    90
         Vampiric Draining |     2 |       ||     2
         Animate Dead      |       |     7 ||     7
    Use: Potion            |     1 |     1 ||     2
   Stab: Sleeping          |       |     5 ||     5
 Armour: Robe              |     2 |     7 ||     9
  Dodge: Dodged            |    13 |    54 ||    67

Table legend: (Time is in decaauts)
 A = Elapsed time spent in this place.
 B = Non-inter-level travel time spent in this place.
 C = Inter-level travel time spent in this place.
 D = Time resting spent in this place.
 E = Time spent auto-exploring this place.
 F = Levels seen in this place.
 G = Mean time per level.
                   A        B        C        D        E       F      G
               +--------+--------+--------+--------+--------+-----+--------+
         Total |   3790 |   3721 |     69 |    510 |   2540 |   4 |  947.5 |
       Dungeon |   3790 |   3721 |     69 |    510 |   2540 |   4 |  947.5 |
               +--------+--------+--------+--------+--------+-----+--------+

Top non-repeatable levels by time:
     D:3: 1249 daAuts
     D:4: 891 daAuts
     D:2: 831 daAuts
     D:1: 818 daAuts
